 Dungeon Crawl Stone Soup version 0.28-a0-1624-g820543e53a (webtiles) character file.

Game seed: 10801039914793100212

3 oldriver the Stinger (level 1, -1/15 HPs)
             Began as a Naga Venom Mage on Jan 24, 2022.
             Slain by a jackal (3 damage)
             ... on level 1 of the Dungeon.
             The game lasted 00:00:23 (152 turns).

oldriver the Stinger (Naga Venom Mage)               Turns: 152, Time: 00:00:24

Health: -1/15      AC:  1    Str: 10    XL:     1   Next: 50%
Magic:  0/3        EV:  9    Int: 15    God:
Gold:   0          SH:  0    Dex: 11    Spells: 3/4 levels left

rFire   . . .      SeeInvis +   (no weapon)
rCold   . . .      Faith    .   (no shield)
rNeg    . . .      Spirit   .   a - +0 robe
rPois   +          Reflect  .   (no helmet)
rElec   .          Harm     .   (no cloak)
rCorr   .          Rampage  .   (no gloves)
Will    .....                   (no barding)
Stlth   ++........              (no amulet)
HPRegen 0.05/turn               (no ring)
MPRegen 0.08/turn               (no ring)

@: short of breath, very slow
A: AC +0, large, see invisible, deformed body, poison resistance, slowness 2,
spit poison 1, naga tail 1
a: Spit Poison


You were on level 1 of the Dungeon.
You visited 1 branch of the dungeon, and saw 1 of its levels.

Inventory:

Armour
 a - a +0 robe (worn)
Scrolls
 b - a scroll of immolation {unknown}


   Skills:
 + Level 0.2 Fighting
 + Level 1.6 Dodging
 + Level 3.1 Stealth
 + Level 2.0 Spellcasting
 - Level 1.0 Transmutations
 + Level 4.0 Poison Magic


You had 3 spell levels left.
You knew the following spells:

 Your Spells              Type           Power      Damage    Failure   Level
a - Sting                 Tmut/Pois      36%        1d4       8%          1

Your spell library contained the following spells:

 Spells                   Type           Power      Damage    Failure   Level
 Poisonous Vapours        Pois/Air       14%        N/A       14%         2
 Mephitic Cloud           Conj/Pois/Air  5%         N/A       36%         3
 Olgreb's Toxic Radiance  Pois           13%        N/A       38%         4


Dungeon Overview and Level Annotations

Branches:
Dungeon (1/15)

Altars:


Innate Abilities, Weirdness & Mutations

Your serpentine skin is tough. (AC +0)
You have supernaturally acute eyesight. (SInv)
Armour fits poorly on your strangely shaped body.
Your system is resistant to poisons. (rPois)
You cover ground very slowly.
You can spit poison.
You have a snake-like lower body.


Message History

You kill the jackal!
You are too depleted to draw on your mana recklessly!
A jackal comes into view.
A jackal is nearby!
A jackal is nearby!
A jackal is nearby!
You are too depleted to draw on your mana recklessly!
You are too depleted to draw on your mana recklessly!
You are too depleted to draw on your mana recklessly!
You are too depleted to draw on your mana recklessly!
You are too depleted to draw on your mana recklessly!
The jackal bites you.
You closely miss the jackal. The jackal bites you.
You barely miss the jackal. The jackal bites you. x2
The jackal bites you.
You hit the jackal but do no damage. The jackal bites you.
Casting: Sting (safe; 8% risk of failure)
Confirm with . or Enter, or press ? or * to list all spells.
Aiming: Sting (safe; 8% risk of failure)
Press: ? - help, Shift-Dir - straight line, f - jackal
Aim: a jackal (60% to hit)
The sting misses the jackal.
The jackal bites you but does no damage.
The jackal closely misses you.
Unknown command.
Aiming: Spit Poison (3% risk of failure)
Press: ? - help, Shift-Dir - straight line, f/p - jackal
Aim: a jackal (43% to hit)
The splash of poison hits the jackal.
The jackal is poisoned.
The jackal is moderately wounded.
The jackal bites you but does no damage.
Unknown command.
The jackal bites you.
* * * LOW HITPOINT WARNING * * *
The jackal completely misses you.
You closely miss the jackal.
The jackal is severely wounded.
The jackal looks more healthy.
The jackal closely misses you. The jackal bites you.
You die...

#### ..# .# #.# #.# #.#
### #### #.##### #.#
#.# ...#####.....###h#
#.# .#......###.....@#
#.# >##..........#####
#.# .#......#.#..# #.#
.#..##..#....#######.##
.#..##..####.##.......#
.#..##.......##.#######
.+..##..###..##.#
.#.####.#....##.# #.
#......###.#


You could see a jackal.

Vanquished Creatures
  A jackal (D:1)
  A quokka (D:1)
  A rat (D:1)
3 creatures vanquished.

Notes
Turn   | Place    | Note
-------+----------+-------------------------------------------
     0 | D:1      | oldriver the Naga Venom Mage began the quest for the Orb.
     0 | D:1      | Reached XP level 1. HP: 15/15 MP: 3/3
   152 | D:1      | Slain by a jackal

Illustrated notes

Levels and vault maps discovered:
D:1:      nzn_arrival_depleted_hourglass, layout_basic, serial_bayou_lake_a

Action                   || total
-------------------------++-------
Melee: Unarmed           ||     4
 Cast: Sting             ||     8
 Abil: Spit Poison       ||     1
Armor: Robe              ||     2
Dodge: Dodged            ||     7

Table legend: (Time is in decaauts)
 A = Elapsed time spent in this place.
 B = Non-inter-level travel time spent in this place.
 C = Inter-level travel time spent in this place.
 D = Time resting spent in this place.
 E = Time spent auto-exploring this place.
 F = Levels seen in this place.
 G = Mean time per level.
                   A        B        C        D        E       F      G
               +--------+--------+--------+--------+--------+-----+--------+
         Total |    185 |    185 |      0 |      0 |    152 |   1 |  185.0 |
       Dungeon |    185 |    185 |      0 |      0 |    152 |   1 |  185.0 |
               +--------+--------+--------+--------+--------+-----+--------+

Top non-repeatable levels by time:
     D:1: 185 daAuts
